General information
			
			
        
        - name: BNet
 
        - type: Ladder team game (AT/RT)
 
        - host: Battle.net
 
        - saver: HERNaNDO
 
        
map: RiceFields 
        - players: 6
 
        - length: 62:38
 
        - speed: Fast
 - version: 1.22 W3XP
 - replay type:  Public
 
» download(253 KB)
Players
        team 1 (loser) 
              
              
GhostFac3_Nick (
orange | 34 APM | 2154 actions | 62:36)
              
 4 Dreadlord 
 2 Sleep
 2 Vampiric Aura
 2 Death Knight 
 1 Death Coil
 1 Unholy Aura
 1 Dark Ranger 
 1 Black Arrow
 
                » actions 
                
                | Assign group hotkey | 46 |  | 
| Basic commands | 6 |  | 
| Build / train | 114 |  | 
| Enter build submenu | 35 |  | 
| Enter hero's abilities submenu | 9 |  | 
| Give item / drop item | 2 |  | 
| Remove unit from queue | 2 |  | 
| Right click | 1238 |  | 
| Select / deselect | 546 |  | 
| Select group hotkey | 59 |  | 
| Use ability | 96 |  | 
                2154 total
 » units 
                
                | Acolyte | 26 |  | 
| Ghoul | 13 |  | 
| Crypt Fiend | 12 |  | 
| Abomination | 3 |  | 
| Obsidian Statue | 7 |  | 
| Frost Wyrm | 7 |  | 
                68 total
 » upgrades
                
                | Creature Attack | 3 |  | 
| Web | 1 |  | 
| Creature Carapace | 3 |  | 
| Burrow | 1 |  | 
| Disease Cloud | 1 |  | 
| Unholy Strength | 2 |  | 
| Unholy Armor | 2 |  | 
| Freezing Breath | 1 |  | 
                14 total
 » buildings
                
                | Altar of Darkness | 1 |  | 
| Crypt | 2 |  | 
| Ziggurat | 15 |  | 
| Graveyard | 1 |  | 
| Spirit Tower | 5 |  | 
| Halls of the Dead | 1 |  | 
| Slaughterhouse | 1 |  | 
| Black Citadel | 1 |  | 
| Sacrificial Pit | 1 |  | 
| Tomb of Relics | 1 |  | 
| Boneyard | 4 |  | 
| Necropolis | 5 |  | 
                38 total
 » build order
                00:04 Altar of Darkness
00:10 Crypt
00:12 Ziggurat
01:00 Ziggurat
01:37 Graveyard
02:33 Crypt
03:04 Ziggurat
04:04 Spirit Tower
06:38 Halls of the Dead
08:33 Ziggurat
10:13 Spirit Tower
10:29 Slaughterhouse
14:01 Black Citadel
14:45 Ziggurat
14:46 Ziggurat
15:00 Spirit Tower
16:39 Spirit Tower
16:49 Sacrificial Pit
18:29 Tomb of Relics
19:44 Ziggurat
20:07 Ziggurat
32:42 Spirit Tower
35:02 Boneyard
35:04 Boneyard
35:07 Boneyard
35:13 Boneyard
37:32 Ziggurat
44:45 Ziggurat
44:47 Ziggurat
44:48 Ziggurat
44:49 Ziggurat
44:50 Ziggurat
44:51 Ziggurat
47:27 Necropolis
51:45 Necropolis
52:34 Necropolis
53:15 Necropolis
53:26 Necropolis
» items
                
                | Claws of Attack +15 | 1 |  | 
| Potion of Invulnerability | 1 |  | 
| Potion of Healing | 5 |  | 
| Scroll of Healing | 4 |  | 
                11 total
  
               
              
              
Ghostfac3_StepH (
green | 18 APM | 1107 actions | 62:36)
              
 3 Warden 
 2 Fan of Knives
 1 Shadow Strike
 
                » actions 
                
                | Assign group hotkey | 6 |  | 
| Build / train | 45 |  | 
| Enter build submenu | 15 |  | 
| Enter hero's abilities submenu | 3 |  | 
| Remove unit from queue | 2 |  | 
| Right click | 762 |  | 
| Select / deselect | 245 |  | 
| Use ability | 27 |  | 
                1107 total
 » units 
                » upgrades
                
                | Strength of the Moon | 1 |  | 
| Moon Armor | 1 |  | 
                2 total
 » buildings
                
                | Moon Well | 5 |  | 
| Altar of Elders | 1 |  | 
| Ancient of War | 2 |  | 
| Hunter's Hall | 1 |  | 
| Tree of Ages | 1 |  | 
| Ancient of Lore | 1 |  | 
                11 total
 » build order
                00:20 Moon Well
00:35 Altar of Elders
00:51 Ancient of War
01:49 Ancient of War
02:12 Moon Well
04:10 Moon Well
04:15 Hunter's Hall
05:15 Moon Well
08:01 Moon Well
09:16 Tree of Ages
12:02 Ancient of Lore
» items
                
                | Potion of Healing | 3 |  | 
| Scroll of Town Portal | 1 |  | 
                4 total
  
               
              
              
Ghostface_Willy (
purple | 39 APM | 870 actions | 22:11)
              
 1 Mountain King 
 1 Storm Bolt
 
                » actions 
                
                | Build / train | 58 |  | 
| Enter build submenu | 18 |  | 
| Enter hero's abilities submenu | 1 |  | 
| Remove unit from queue | 2 |  | 
| Right click | 476 |  | 
| Select / deselect | 279 |  | 
| Use ability | 36 |  | 
                870 total
 » units 
                
                | Peasant | 13 |  | 
| Footman | 13 |  | 
| Rifleman | 1 |  | 
| Flying Machine | 7 |  | 
| Mortar Team | 2 |  | 
| Knight | 4 |  | 
                40 total
 » upgrades
                » buildings
                
                | Altar of Kings | 1 |  | 
| Farm | 6 |  | 
| Barracks | 1 |  | 
| Blacksmith | 1 |  | 
| Keep | 1 |  | 
| Arcane Vault | 1 |  | 
| Workshop | 2 |  | 
| Castle | 1 |  | 
| Lumber Mill | 1 |  | 
| Arcane Sanctum | 1 |  | 
| Gryphon Aviary | 1 |  | 
                17 total
 » build order
                00:07 Altar of Kings
00:10 Farm
00:17 Barracks
01:29 Farm
02:54 Blacksmith
05:44 Farm
05:59 Keep
07:32 Arcane Vault
08:26 Workshop
08:54 Farm
09:55 Farm
10:01 Workshop
10:51 Farm
15:07 Castle
17:43 Lumber Mill
18:57 Arcane Sanctum
20:08 Gryphon Aviary
» items
                
                | Potion of Healing | 3 |  | 
| Potion of Mana | 2 |  | 
| Scroll of Town Portal | 1 |  | 
                6 total
  
               team 2 (winner) 
              
              
fineX (
yellow | 51 APM | 3174 actions | 62:36)
              
 5 Pit Lord 
 3 Rain of Fire
 2 Cleaving Attack
 5 Keeper of the Grove 
 3 Entangling Roots
 2 Thorns Aura
 
                » actions 
                
                | Assign group hotkey | 53 |  | 
| Basic commands | 47 |  | 
| Build / train | 117 |  | 
| Enter build submenu | 68 |  | 
| Enter hero's abilities submenu | 11 |  | 
| Give item / drop item | 6 |  | 
| Remove unit from queue | 1 |  | 
| Right click | 1570 |  | 
| Select / deselect | 592 |  | 
| Select group hotkey | 418 |  | 
| Use ability | 291 |  | 
                3174 total
 » units 
                » upgrades
                
                | Ultravision | 1 |  | 
| Strength of the Wild | 3 |  | 
| Reinforced Hides | 3 |  | 
| Well Spring | 1 |  | 
| Nature's Blessing | 1 |  | 
| Abolish Magic | 1 |  | 
| Druid of the Claw Training | 2 |  | 
| Resistant Skin | 1 |  | 
| Hardened Skin | 1 |  | 
| Mark of the Claw | 1 |  | 
| Hippogryph Taming | 1 |  | 
| Druid of the Talon Training | 1 |  | 
                17 total
 » buildings
                
                | Altar of Elders | 1 |  | 
| Moon Well | 25 |  | 
| Hunter's Hall | 1 |  | 
| Tree of Ages | 2 |  | 
| Ancient of Wonders | 1 |  | 
| Tree of Eternity | 1 |  | 
| Ancient of Wind | 1 |  | 
| Tree of Life | 2 |  | 
| Ancient of Lore | 39 |  | 
| Ancient Protector | 2 |  | 
                75 total
 » build order
                00:06 Altar of Elders
00:08 Moon Well
02:20 Moon Well
03:43 Moon Well
04:28 Hunter's Hall
04:39 Moon Well
04:43 Moon Well
05:06 Tree of Ages
05:25 Ancient of Wonders
05:29 Moon Well
06:32 Moon Well
08:19 Moon Well
08:22 Tree of Eternity
09:53 Moon Well
10:03 Ancient of Wind
11:05 Tree of Life
11:19 Moon Well
11:23 Moon Well
12:20 Moon Well
12:21 Moon Well
14:21 Moon Well
14:22 Moon Well
20:12 Ancient of Lore
20:14 Ancient of Lore
20:16 Ancient of Lore
23:45 Ancient of Lore
23:45 Ancient of Lore
24:19 Ancient of Lore
24:20 Ancient of Lore
24:21 Ancient of Lore
24:21 Ancient of Lore
24:45 Ancient of Lore
24:46 Ancient of Lore
24:47 Ancient of Lore
24:48 Ancient of Lore
26:16 Tree of Life
27:15 Ancient of Lore
27:17 Ancient of Lore
27:20 Ancient of Lore
30:23 Ancient of Lore
30:23 Ancient of Lore
30:24 Ancient of Lore
30:25 Ancient of Lore
30:26 Ancient of Lore
30:29 Ancient of Lore
30:30 Ancient of Lore
30:30 Ancient of Lore
30:31 Ancient of Lore
30:32 Ancient of Lore
30:35 Ancient of Lore
30:35 Ancient of Lore
30:37 Ancient of Lore
30:39 Ancient of Lore
30:40 Ancient of Lore
30:43 Ancient of Lore
30:45 Ancient of Lore
30:46 Ancient of Lore
30:47 Ancient of Lore
30:49 Ancient of Lore
30:50 Ancient of Lore
30:54 Ancient of Lore
30:54 Ancient of Lore
33:42 Moon Well
33:43 Moon Well
33:44 Moon Well
33:50 Moon Well
33:51 Moon Well
33:52 Moon Well
33:52 Moon Well
33:53 Moon Well
33:53 Moon Well
33:54 Moon Well
35:08 Ancient Protector
35:13 Ancient Protector
61:40 Tree of Ages
» items
                
                | Lesser Clarity Potion | 1 |  | 
| Healing Salve | 1 |  | 
| Ring of Protection +5 | 2 |  | 
| Potion of Invulnerability | 2 |  | 
| Ankh of Reincarnation | 2 |  | 
| Potion of Greater Mana | 1 |  | 
| Claws of Attack +15 | 3 |  | 
| Orb of Frost | 1 |  | 
| Healing Wards | 1 |  | 
                14 total
  
               
              
              
GOKUMaN69 (
teal | 44 APM | 2782 actions | 62:36)
              
 9 Blademaster 
 3 Wind Walk
 3 Critical Strike
 1 Bladestorm
 2 Mirror Image
 
                » actions 
                
                | Assign group hotkey | 1 |  | 
| Basic commands | 13 |  | 
| Build / train | 107 |  | 
| Enter build submenu | 65 |  | 
| Enter hero's abilities submenu | 9 |  | 
| Give item / drop item | 7 |  | 
| Remove unit from queue | 9 |  | 
| Right click | 1753 |  | 
| Select / deselect | 594 |  | 
| Use ability | 223 |  | 
                2782 total
 » units 
                
                | Peon | 29 |  | 
| Troll Batrider | 14 |  | 
| Wind Rider | 2 |  | 
                45 total
 » upgrades
                
                | Ranged Weapons | 2 |  | 
| Armor | 2 |  | 
| Liquid Fire | 1 |  | 
| Reinforced Defenses | 1 |  | 
| Envenomed Spears | 1 |  | 
                7 total
 » buildings
                
                | Altar of Storms | 1 |  | 
| Orc Burrow | 6 |  | 
| War Mill | 1 |  | 
| Watch Tower | 43 |  | 
| Stronghold | 1 |  | 
| Voodoo Lounge | 1 |  | 
| Fortress | 3 |  | 
| Beastiary | 3 |  | 
| Great Hall | 4 |  | 
                63 total
 » build order
                00:06 Altar of Storms
00:25 Orc Burrow
00:40 War Mill
01:30 Orc Burrow
02:08 Watch Tower
02:21 Watch Tower
02:39 Watch Tower
03:34 Stronghold
04:16 Voodoo Lounge
04:18 Watch Tower
05:00 Watch Tower
05:08 Orc Burrow
05:24 Orc Burrow
05:25 Watch Tower
05:55 Fortress
05:56 Fortress
05:56 Fortress
06:46 Watch Tower
07:42 Watch Tower
07:44 Beastiary
07:46 Beastiary
07:56 Watch Tower
07:59 Beastiary
08:24 Watch Tower
12:28 Watch Tower
12:30 Watch Tower
14:52 Watch Tower
14:54 Watch Tower
18:44 Watch Tower
18:46 Watch Tower
18:47 Watch Tower
18:48 Watch Tower
20:08 Great Hall
21:19 Watch Tower
21:20 Watch Tower
21:21 Watch Tower
22:38 Watch Tower
22:39 Watch Tower
22:40 Watch Tower
27:26 Great Hall
27:29 Watch Tower
27:30 Watch Tower
27:37 Great Hall
27:39 Watch Tower
27:40 Watch Tower
28:07 Watch Tower
28:08 Watch Tower
28:09 Watch Tower
28:38 Watch Tower
28:39 Watch Tower
30:05 Watch Tower
30:06 Watch Tower
30:43 Watch Tower
31:30 Watch Tower
31:32 Watch Tower
31:51 Great Hall
32:41 Watch Tower
32:42 Watch Tower
32:43 Watch Tower
32:45 Watch Tower
32:46 Watch Tower
49:26 Orc Burrow
49:30 Orc Burrow
» items
                
                | Scroll of Speed | 2 |  | 
| Lesser Clarity Potion | 4 |  | 
| Healing Salve | 3 |  | 
| Potion of Healing | 2 |  | 
| Potion of Mana | 1 |  | 
| Staff of Preservation | 1 |  | 
| Anti-magic Potion | 2 |  | 
| Orb of Lightning | 1 |  | 
| Scroll of Town Portal | 1 |  | 
| Claws of Attack +15 | 5 |  | 
| Potion of Invulnerability | 1 |  | 
| Ankh of Reincarnation | 1 |  | 
| Kelen's Dagger of Escape | 1 |  | 
| Ring of Protection +5 | 1 |  | 
| Wand of Mana Stealing | 1 |  | 
                27 total
  
               
              
              
HERNaNDO (
red | 38 APM | 2390 actions | 62:38)
              
 5 Archmage 
 3 Blizzard
 2 Brilliance Aura
 4 Blood Mage 
 2 Flame Strike
 2 Siphon Mana
 
                » actions 
                
                | Assign group hotkey | 15 |  | 
| Basic commands | 11 |  | 
| Build / train | 108 |  | 
| Enter build submenu | 91 |  | 
| Enter hero's abilities submenu | 9 |  | 
| Give item / drop item | 11 |  | 
| Remove unit from queue | 1 |  | 
| Right click | 1059 |  | 
| Select / deselect | 555 |  | 
| Select group hotkey | 179 |  | 
| Use ability | 346 |  | 
                2390 total
 » units 
                
                | Peasant | 16 |  | 
| Sorceress | 4 |  | 
| Priest | 5 |  | 
| Mortar Team | 3 |  | 
                28 total
 » upgrades
                
                | Masonry | 3 |  | 
| Magic Sentry | 1 |  | 
| Sorceress Training | 2 |  | 
| Priest Training | 2 |  | 
| Lumber Harvesting | 2 |  | 
| Gunpowder | 2 |  | 
| Flare | 1 |  | 
| Fragmentation Shards | 1 |  | 
| Backpack | 1 |  | 
                15 total
 » buildings
                
                | Altar of Kings | 2 |  | 
| Farm | 68 |  | 
| Lumber Mill | 1 |  | 
| Scout Tower | 62 |  | 
| Guard Tower | 30 |  | 
| Arcane Tower | 3 |  | 
| Keep | 1 |  | 
| Arcane Sanctum | 1 |  | 
| Blacksmith | 1 |  | 
| Castle | 1 |  | 
| Arcane Vault | 1 |  | 
| Workshop | 1 |  | 
| Town Hall | 1 |  | 
                173 total
 » build order
                00:13 Altar of Kings
00:19 Farm
00:20 Farm
00:35 Lumber Mill
01:20 Scout Tower
01:35 Scout Tower
01:38 Scout Tower
01:51 Scout Tower
01:55 Scout Tower
01:59 Guard Tower
02:08 Scout Tower
02:09 Scout Tower
02:17 Arcane Tower
02:25 Arcane Tower
02:26 Guard Tower
02:45 Guard Tower
02:46 Scout Tower
02:53 Guard Tower
03:39 Keep
04:08 Guard Tower
04:09 Scout Tower
04:10 Scout Tower
04:11 Scout Tower
04:20 Scout Tower
04:21 Scout Tower
04:22 Scout Tower
04:25 Scout Tower
04:26 Scout Tower
04:27 Scout Tower
04:54 Guard Tower
05:19 Guard Tower
05:20 Scout Tower
05:21 Scout Tower
05:22 Scout Tower
05:23 Scout Tower
05:26 Scout Tower
05:28 Guard Tower
05:33 Scout Tower
05:34 Scout Tower
05:35 Scout Tower
05:52 Farm
05:53 Farm
06:00 Guard Tower
06:04 Arcane Sanctum
06:20 Guard Tower
06:35 Scout Tower
06:36 Scout Tower
06:37 Scout Tower
06:39 Guard Tower
07:02 Guard Tower
07:03 Scout Tower
07:05 Scout Tower
07:11 Guard Tower
07:32 Guard Tower
07:49 Guard Tower
07:55 Guard Tower
08:26 Guard Tower
08:29 Scout Tower
08:30 Scout Tower
08:31 Scout Tower
08:32 Scout Tower
08:58 Farm
09:11 Guard Tower
09:13 Arcane Tower
09:29 Guard Tower
09:29 Guard Tower
10:20 Blacksmith
11:18 Castle
11:48 Scout Tower
11:49 Scout Tower
11:50 Scout Tower
11:51 Scout Tower
11:52 Scout Tower
11:53 Scout Tower
11:54 Scout Tower
11:56 Scout Tower
11:58 Scout Tower
11:59 Scout Tower
12:01 Scout Tower
12:01 Scout Tower
12:42 Guard Tower
12:44 Scout Tower
12:45 Scout Tower
12:46 Scout Tower
12:47 Scout Tower
12:49 Scout Tower
14:24 Arcane Vault
14:29 Workshop
14:37 Guard Tower
14:57 Guard Tower
15:00 Guard Tower
15:20 Scout Tower
15:21 Scout Tower
16:31 Guard Tower
16:33 Guard Tower
16:38 Scout Tower
16:39 Scout Tower
16:40 Scout Tower
23:00 Altar of Kings
23:39 Farm
23:40 Farm
25:10 Guard Tower
25:49 Guard Tower
28:05 Town Hall
28:11 Scout Tower
28:13 Scout Tower
28:14 Scout Tower
28:15 Scout Tower
28:16 Scout Tower
28:17 Scout Tower
28:45 Guard Tower
28:47 Guard Tower
35:47 Farm
35:49 Farm
35:50 Farm
35:52 Farm
35:55 Farm
39:50 Farm
39:51 Farm
39:52 Farm
39:54 Farm
39:55 Farm
39:57 Farm
39:59 Farm
40:00 Farm
40:02 Farm
40:03 Farm
46:28 Farm
46:29 Farm
46:30 Farm
46:33 Farm
46:37 Farm
46:38 Farm
46:42 Farm
46:43 Farm
47:12 Farm
47:21 Farm
47:24 Farm
47:25 Farm
47:26 Farm
47:28 Farm
47:33 Farm
48:01 Farm
48:11 Farm
48:13 Farm
48:16 Farm
48:17 Farm
48:58 Farm
49:36 Farm
49:43 Farm
49:58 Farm
50:03 Farm
50:35 Farm
50:59 Farm
53:50 Farm
53:51 Farm
53:52 Farm
53:53 Farm
53:55 Farm
54:16 Farm
54:20 Farm
57:21 Farm
57:23 Farm
57:24 Farm
57:25 Farm
57:27 Farm
57:28 Farm
57:33 Farm
57:34 Farm
57:37 Farm
57:39 Farm
59:53 Farm
60:41 Farm
» items
                
                | Healing Salve | 2 |  | 
| Orb of Lightning | 2 |  | 
| Scroll of Town Portal | 1 |  | 
| Staff of Sanctuary | 1 |  | 
| Ivory Tower | 4 |  | 
| Ankh of Reincarnation | 1 |  | 
| Book of the Dead | 1 |  | 
| Kelen's Dagger of Escape | 2 |  | 
| Tiny Great Hall | 1 |  | 
| Potion of Invulnerability | 1 |  | 
| Claws of Attack +6 | 1 |  | 
| Scroll of the Beast | 1 |  | 
| Wand of Mana Stealing | 1 |  | 
                19 total
  
                Chat log
          (00:29 / All) HERNaNDO: WHATS UP
(00:42 / All) fineX: hey u guys know ghost face philip
(00:54 / All) GOKUMaN69: hey
(01:30 / All) HERNaNDO: @@@@@@@@@@@@@@@@@@@@@@@@@@@@@@@@@@@@@@@@@@@@@@@@@@@@@@@@@@@@@@@@@@@@@@@@@@@@@@@@@@@@@@@@@@@@@@@@@@@@
(01:43 / Allies) fineX: maxfps 2
(01:45 / Allies) HERNaNDO: wood
(02:38 / All) HERNaNDO: GUYS
(02:42 / All) HERNaNDO: fuk u
(02:48 / All) fineX: i hate niggers liken u
(02:50 / All) HERNaNDO: YOUr gonna lose
(02:51 / All) fineX: dum niggers
(02:53 / All) fineX: dsum nigger
(02:57 / All) fineX: GHOSTFACE
(03:01 / All) fineX: ur mom has a ghostface
(03:03 / All) fineX: its all white
(03:05 / Allies) fineX: (
(03:07 / All) fineX: (covered in cum)
(03:49 / All) fineX: you guys are terrible
(03:59 / All) fineX: ghostfac3 is a t3rribl3 clan
(15:28 / Allies) fineX: maxfps 2
(22:19 / All) GOKUMaN69: Gg guys
(23:29 / All) fineX: how u guys like losing everything to 5 heroes
(29:00 / Allies) fineX: pimp cane squad assemble!!
(36:30 / All) HERNaNDO: I BRING OFFERINGS TO YOU
(36:44 / All) HERNaNDO: MAGNIFICENT ITEMS!
(37:00 / All) HERNaNDO: they appear out of thin air
(37:06 / All) HERNaNDO: for a king as great as yourself!
(37:37 / All) HERNaNDO: you DARE refuse my godly gifts??
(38:44 / All) HERNaNDO: youve been a good boy this christmas lil maldibion
(38:45 / All) fineX: your refusal of the gifts of the great hernando is an insult
(39:11 / All) HERNaNDO: i am pleased with your acceptance of these objects
(39:28 / All) GOKUMaN69: EAT MY TITS
(39:29 / All) GOKUMaN69: BORAT
(40:18 / All) fineX: you must give us an amount of 10000 gold
(40:25 / All) fineX: or we will move on your city
(40:29 / All) fineX: at dawn
(40:34 / All) HERNaNDO: PAY THINE TAXES MALDIBION!
(40:47 / All) HERNaNDO: THIS IS AN INSULT!!!!!!!!!!!
(40:57 / All) HERNaNDO: YOU SHALL NOT BE FORGIVEN
(41:27 / All) HERNaNDO: YOU SHOULD HAVE PAYED THE FINE!
(41:28 / All) fineX: you have insulted us
(41:30 / All) fineX: you must pay
(42:39 / All) HERNaNDO: GENERAL TREE HAS BEEN SLAIN BY YOUR COWARDLY COLD BLOODED ACTIONS
(42:47 / All) fineX: you will pay
(43:09 / All) HERNaNDO: my units need to be cleansed
(46:51 / All) HERNaNDO: DO NOT ATTACK!
(47:42 / All) HERNaNDO: ILL GET YOU YET, MCFLY!
(49:55 / All) HERNaNDO: stay in your playpen!
(55:23 / All) GhostFac3_Nick: Leave please.
(55:24 / All) GhostFac3_Nick: We win.
(55:28 / All) GOKUMaN69: WOWO
(55:32 / All) fineX: ud so gay
(55:33 / All) GOKUMaN69: u talkin?
(56:29 / All) GhostFac3_Nick: You guys going to leave?
(56:32 / All) HERNaNDO: the bm went rogue
(57:24 / All) GhostFac3_Nick: LEAVE THE GAME YOU GOT OWNED
(57:31 / All) HERNaNDO: lol
(58:45 / All) GhostFac3_Nick: You know if you leave you still get the win?
(58:51 / All) fineX: cool
(58:54 / All) fineX: why dont u
(58:56 / All) GhostFac3_Nick: Leave please
(58:56 / All) HERNaNDO: i have a hack that reverses that
(58:58 / All) fineX: ull get the win i promise
(59:05 / All) fineX: murderers
(59:13 / All) GhostFac3_Nick: I just want 1 win.
(59:35 / All) GOKUMaN69: u suck bro
(59:57 / All) GhostFac3_Nick: Im used to it.
(60:01 / All) HERNaNDO: 2 WAT
(60:05 / All) GhostFac3_Nick: Losing?
(60:25 / All) HERNaNDO: mate 
(60:27 / All) HERNaNDO: if we give u a win
(60:31 / All) HERNaNDO: u will face harder ppl
(60:47 / All) GhostFac3_Nick: Good
(60:55 / All) GhostFac3_Nick: I need to fight people with more skill then you guys
(61:01 / All) HERNaNDO: ouch... wtf